 Dungeon Crawl Stone Soup version 0.30-a0-165-g1891117ce2 (webtiles) character file.

Game seed: 16820098531493600252

262 qw the Chopper (level 6, 0/37 HPs)
             Began as a Gargoyle Fighter on Sept 28, 2022.
             Slain by Sigmund
             ... wielding a +2 scythe of venom
              (7 damage)
             ... on level 3 of the Dungeon.
             The game lasted 00:00:59 (2844 turns).

qw the Chopper (Gargoyle Fighter)                   Turns: 2844, Time: 00:01:00

Health: 0/37       AC: 14    Str: 22    XL:     6   Next: 18%
Magic:  6/6        EV:  8    Int:  8    God:
Gold:   160        SH:  4    Dex:  9    Spells: 5/5 levels left

rFire   . . .      SeeInvis .    Y - +0 war axe (flame)
rCold   + . .      Faith    .    c - +0 buckler
rNeg    + . .      Spirit   .    m - +0 chain mail
rPois   inf        Reflect  .    l - +0 helmet
rElec   +          Harm     .    (no cloak)
rCorr   .          Rampage  .    (no gloves)
Will    .....                    (no boots)
Stlth   ..........               (no amulet)
HPRegen 0.12/turn                k - +4 ring of evasion
MPRegen 0.10/turn                h - ring of protection from cold

@: grasped by roots, constricted
A: sickness immunity, AC +4, negative energy resistance 1, electricity
resistance, torment resistance 1, petrification resistance
a: no special abilities


You were on level 3 of the Dungeon.
You visited 1 branch of the dungeon, and saw 3 of its levels.

You collected 160 gold pieces.


Innate Abilities, Weirdness & Mutations

You are immune to sickness and miasma.
Your stone body is resilient. (AC +4)
You are immune to poison.
You resist negative energy. (rN+)
You are resistant to electric shocks. (rElec)
You are resistant to unholy torment.
You are immune to petrification.


   Skills:
 + Level 3.3 Fighting
 - Level 5.7 Axes
 - Level 3.2 Armour
 - Level 3.2 Shields


You had 5 spell levels left.
You didn't know any spells.
Your spell library was empty.

Inventory:

Hand Weapons
 Y - a +0 war axe of flaming (weapon)
Armour
 c - a +0 buckler (worn)
 l - a +0 helmet (worn)
 m - a +0 chain mail (worn)
Jewellery
 h - a ring of protection from cold (right hand)
 k - a +4 ring of evasion (left hand)
Scrolls
 a - a scroll of identify
Potions
 d - a potion of might
 e - a potion of lignification
 f - 2 potions of attraction
 g - a potion of resistance
 i - a potion of berserk rage {unknown}
 j - a potion of curing
 p - a potion of invisibility {unknown}

Dungeon Overview and Level Annotations

Branches:
Dungeon (3/15)

Altars:
The Shining One

Annotations:
D:1 1 runed translucent door
D:3 1 runed translucent door, Crazy Yiuf, Sigmund


Message History

You hear a shout!
You escape the roots grasp.
A worm comes into view.
Something hits you but does no damage.
2832 ||| FLEEEEING.
You hear a zap.
The roots erupt in riotous growth!
The grasping roots grab you!
You are constricted.
You hear a shout!
You escape the roots grasp.
Something hits you but does no damage.
2834 ||| FLEEEEING.
You hear a zap.
The roots erupt in riotous growth!
The grasping roots grab you!
You are constricted.
You escape the roots grasp.
2837 ||| FLEEEEING.
2838 ||| FLEEEEING.
2839 ||| FLEEEEING.
You block something's attack. Something hits you.
You hit the worm. You burn the worm.
The worm is moderately wounded.
You barely miss something. The worm bites you.
You hear a zap.
The roots erupt in riotous growth!
The grasping roots grab you!
The worm is unaffected.
You are constricted.
You slash the worm! You burn the worm.
The worm is almost dead.
You closely miss something. Something hits you.
You are constricted.
The worm bites you.
You slash the worm! You burn the worm.
You kill the worm!
You hit the worm. You burn the worm. You slash something! You burn something.
Something hits you!
You die...

# o$# #.# #.# oo.##.. #..
.. .#.# .##.# #.# .... #.#
..# #.# #.# . #.#
#####.#### .#.
#.###....{...# ...
..#....o...@%.## ##w
.........##......w.###....
......#...................
.#.#. #..##........~.~~~¤~
## # #..##......!.~..(...
..............~.###.#
.<...#########.~.#..:#
...... #.~.#._.# .
#.¤.#$..#


You could see a worm and an orc.

Vanquished Creatures
  Grinder (D:3)
  Robin (D:2)
  2 worms
  3 dart slugs (D:1)
  An orc (D:3)
  4 ball pythons
  4 bats
  4 endoplasms
  3 giant cockroaches
  12 goblins
  8 hobgoblins
  2 quokkas
  2 frilled lizards
  A kobold (D:1)
  5 rats (D:2)
53 creatures vanquished.

Notes
Turn   | Place    | Note
-------+----------+-------------------------------------------
     0 | D:1      | qw the Gargoyle Fighter began the quest for the Orb.
     0 | D:1      | Reached XP level 1. HP: 14/14 MP: 1/1
     0 | D:1      | 0 ||| qw: Version: 0.2-a-12-gaebbb33
     0 | D:1      | 0 ||| qw: Game counter: 847
     0 | D:1      | 0 ||| qw: Always use a shield: true
     0 | D:1      | 0 ||| qw: God list: Okawaru
     0 | D:1      | 0 ||| qw: Allow faded altars: false
     0 | D:1      | 0 ||| qw: Do Orc after D:15 true
     0 | D:1      | 0 ||| qw: Do second Lair branch before Depths: true
     0 | D:1      | 0 ||| qw: Lair rune preference: random
     0 | D:1      | 0 ||| qw: Plans: Normal, Zot:1-4, God:TSO, Crypt, Tomb,
                  | Pan, Slime:5, Hells, Abyss, Orb
     0 | D:1      | 0 ||| PLANNING D:1-11
     1 | D:1      | Found a runed translucent door.
   100 | D:1      | Reached skill level 2 in Axes
   168 | D:1      | 168 ||| Stepping ~*~*~tactically~*~*~ (hiding).
   179 | D:1      | Reached XP level 2. HP: 19/19 MP: 2/2
   488 | D:1      | 488 ||| Stepping ~*~*~tactically~*~*~ (hiding).
   498 | D:1      | Reached skill level 3 in Axes
   666 | D:1      | Reached XP level 3. HP: 23/23 MP: 3/3
   682 | D:1      | Found a faded altar of an unknown god.
   848 | D:1      | 848 ||| UPGRADING to +4 ring of evasion.
   849 | D:1      | 849 ||| READING 2 scrolls labelled KYMEETWI OLOLA.
   850 | D:1      | 850 ||| READING scroll labelled TAEFYANUAK.
   851 | D:1      | 851 ||| DRINKING 2 bubbling sapphire potions.
  1299 | D:2      | 1299 ||| Stepping ~*~*~tactically~*~*~ (stealth).
  1301 | D:2      | 1301 ||| Stepping ~*~*~tactically~*~*~ (stealth).
  1315 | D:2      | Noticed Robin
  1316 | D:2      | 1316 ||| Stepping ~*~*~tactically~*~*~ (hiding).
  1319 | D:2      | 1319 ||| STAIRDANCE
  1425 | D:1      | 1425 ||| UPGRADING to ring of protection from cold.
  1426 | D:1      | 1426 ||| DROPPING +6 ring of intelligence.
  1427 | D:1      | 1427 ||| READING 2 scrolls labelled FAMEUNOEME.
  1428 | D:1      | 1428 ||| READING scroll labelled BEZEXU RAASTRI.
  1429 | D:1      | 1429 ||| DROPPING +0 mace.
  1430 | D:1      | 1430 ||| READING scroll labelled KAESSIM WUVA.
  1435 | D:1      | 1435 ||| DRINKING 2 green potions.
  1436 | D:1      | 1436 ||| DROPPING scroll of magic mapping.
  1536 | D:2      | 1536 ||| Stepping ~*~*~tactically~*~*~ (stealth).
  1573 | D:2      | 1573 ||| Stepping ~*~*~tactically~*~*~ (stealth).
  1684 | D:2      | 1684 ||| Stepping ~*~*~tactically~*~*~ (stealth).
  1687 | D:2      | 1687 ||| Stepping ~*~*~tactically~*~*~ (hiding).
  1688 | D:2      | 1688 ||| Stepping ~*~*~tactically~*~*~ (hiding).
  1691 | D:2      | 1691 ||| Stepping ~*~*~tactically~*~*~ (hiding).
  1704 | D:2      | Killed Robin
  1705 | D:2      | Reached XP level 4. HP: 21/28 MP: 4/4
  2024 | D:2      | Reached skill level 4 in Axes
  2127 | D:2      | 2127 ||| UPGRADING to +0 helmet.
  2132 | D:2      | 2132 ||| READING scroll labelled VUCOHE BOLEYBO.
  2133 | D:2      | 2133 ||| DRINKING 2 dark potions.
  2168 | D:2      | 2168 ||| READING 2 scrolls of identify.
  2168 | D:2      | 2168 ||| IDENTIFYING fizzy blue potion
  2351 | D:3      | Noticed Grinder
  2353 | D:3      | Paralysed by Grinder for 3 turns
  2360 | D:3      | 2360 ||| Stepping ~*~*~tactically~*~*~ (hiding).
  2362 | D:3      | Paralysed by Grinder for 2 turns
  2366 | D:3      | Killed Grinder
  2367 | D:3      | Reached skill level 5 in Axes
  2367 | D:3      | Reached XP level 5. HP: 9/32 MP: 5/5
  2367 | D:3      | Reached XP level 6. HP: 11/37 MP: 6/6
  2623 | D:3      | Found a runed translucent door.
  2624 | D:3      | Noticed Crazy Yiuf
  2745 | D:3      | 2745 ||| UPGRADING to +0 chain mail.
  2750 | D:3      | 2750 ||| UPGRADING to +0 scale mail.
  2755 | D:3      | 2755 ||| UPGRADING to +0 chain mail.
  2765 | D:3      | 2765 ||| DROPPING +0 scale mail.
  2766 | D:3      | 2766 ||| READING scroll labelled JISSIE HEOVY.
  2809 | D:3      | 2809 ||| READING scroll of teleportation.
  2821 | D:3      | Noticed Sigmund
  2822 | D:3      | Found a glowing golden altar of the Shining One.
  2830 | D:3      | 2830 ||| FLEEEEING.
  2832 | D:3      | 2832 ||| FLEEEEING.
  2834 | D:3      | 2834 ||| FLEEEEING.
  2837 | D:3      | 2837 ||| FLEEEEING.
  2838 | D:3      | 2838 ||| FLEEEEING.
  2839 | D:3      | 2839 ||| FLEEEEING.
  2843 | D:3      | HP: 8/37 [something (3)]
  2844 | D:3      | Slain by Sigmund

Levels and vault maps discovered:
D:1:      dpeg_arrival_caged_fury, layout_basic,
          ebering_ecumenical_altar_sacrificial
D:2:      layout_basic, mrwooster_statue_mirror, uniq_robin
D:3:      cheibrodos_pilgrimage, layout_loops_cross,
          mainiacjoe_overflow_brackets, nicolae_wormholes, uniq_grinder,
          uniq_crazy_yiuf_cottage, uniq_sigmund

Skill      XL: |  1  2  3  4 |
---------------+-------------+-----
Axes           | 2 3 5 |  5.7
Fighting       | |  3.3
Armour         | |  3.2
Shields        | |  3.2

Action                   |  1- 3 |  4- 6 || total
-------------------------+-------+-------++-------
Melee: War axe           |    98 |    32 ||   130
  Use: Scroll            |     5 |     4 ||     9
       Potion            |     2 |     1 ||     3
Armor: Scale mail        |    46 |     9 ||    55
       Chain mail        |       |     5 ||     5
Dodge: Dodged            |    48 |    17 ||    65
Block: Buckler           |     7 |     6 ||    13

Table legend:
 A = Non-vault XP
 B = Vault XP
 C = Vault XP percentage of total XP
 D = Non-vault monster count
 E = Vault monster count
 F = Vault count percentage of total count
                 A         B        C        D         E       F
            +---------+---------+-------+---------+---------+-------
      Total |      74 |     306 |  80.5 |      38 |      15 |  28.3
            +---------+---------+-------+---------+---------+-------
        D:1 |      34 |       2 |   5.6 |      16 |       2 |  11.1
        D:2 |      31 |      32 |  50.8 |      18 |      11 |  37.9
        D:3 |       9 |     272 |  96.8 |       4 |       2 |  33.3
            +---------+---------+-------+---------+---------+-------
